 Dungeon Crawl Stone Soup version 0.18.1-50-g88ac8fd (webtiles) character file.

8187 magog001 the Slinger (level 11, -4/89 HPs)
             Began as a Minotaur Hunter on June 23, 2017.
             Was an Initiate of Nemelex Xobeh.
             Slain by a hill giant
             ... wielding a +0 giant club
              (26 damage)
             ... on level 10 of the Dungeon.
             The game lasted 01:13:19 (9096 turns).

magog001 the Slinger (Minotaur Hunter)              Turns: 9096, Time: 01:13:19

Health: -4/89      AC: 19    Str: 21    XL:     11   Next: 6%
Magic:  10/10      EV:  8    Int:  8    God:    Nemelex Xobeh [......]
Gold:   1687       SH:  0    Dex: 10    Spells: 0 memorised, 10 levels left

rFire  . . .     SeeInvis +     P - +1 morningstar (venom)
rCold  . . .     Gourm    .     D - +0 plate armour
rNeg   . . .     Faith    .     (no shield)
rPois  .         Spirit   .     (helmet restricted)
rElec  .         Dismiss  .     (no cloak)
rCorr  .         Reflect  .     E - +0 pair of gloves
SustAt .         Harm     .     t - +1 pair of boots
MR     .....                    s - amulet of regeneration
Stlth  ..........               (no ring)
                                (no ring)

@: not resistant to hostile enchantments, extremely unstealthy
A: retaliatory headbutt, horns 2, see invisible, blink
a: Blink, Renounce Religion


You were on level 10 of the Dungeon.
You worshipped Nemelex Xobeh.
Nemelex Xobeh was noncommittal.
You were hungry.

You visited 1 branch of the dungeon, and saw 10 of its levels.
You also visited: Bailey.

You collected 1841 gold pieces.
You spent 154 gold pieces at shops.

Inventory:

Hand Weapons
 a - a +1 hunting sling
 x - a cursed -3 trident
 A - a +3 dagger
 L - a -1 blowgun
 P - a +1 morningstar of venom (weapon)
Missiles
 b - 38 poisoned needles
 g - 3 javelins (quivered)
 m - 143 stones
 w - 18 tomahawks
 G - 54 tomahawks of returning
Armour
 t - a +1 pair of boots (worn)
 y - a +0 scale mail
 D - a +0 plate armour (worn)
 E - a +0 pair of gloves (worn)
Jewellery
 j - an uncursed amulet of the gourmand
 s - an amulet of regeneration (around neck)
Wands
 c - a wand of disintegration (16/24)
 d - a wand of acid (8/15)
 e - a wand of slowing (10/48)
 k - a wand of random effects (22/48)
 u - a wand of heal wounds (6/9)
 v - a wand of disintegration (16/24)
 F - a wand of flame (9/48)
 K - a wand of flame (16/48)
Scrolls
 h - a scroll of fog
 i - 4 scrolls of blinking
 l - 6 scrolls of remove curse
 n - 6 scrolls of identify
 r - 2 scrolls of amnesia
 B - 3 scrolls of teleportation
 C - a scroll of magic mapping
Potions
 o - a potion of resistance
 q - a potion of ambrosia
 I - a potion of curing
 J - a potion of heal wounds
 M - a potion of might
Miscellaneous
 N - an ornate deck of war
Comestibles
 f - 6 bread rations
 p - 2 meat rations
 z - 9 fruits
 H - 7 slices of pizza
 O - 45 chunks of flesh


   Skills:
 + Level 6.3 Fighting
 * Level 6.0 Short Blades
 + Level 0.8 Maces & Flails
 * Level 13.0 Slings
 + Level 0.6(7.8) Throwing
 * Level 11.1 Armour
 - Level 3.3 Dodging
 + Level 1.7 Stealth
 + Level 1.2 Evocations


You had 10 spell levels left.
You didn't know any spells.

Dungeon Overview and Level Annotations

Branches:
Dungeon (10/15)            Temple (0/1) D:6             Orc (0/2) D:10
   Lair: D:8-11

Altars:
Cheibriados
Dithmenos
Fedhas
Gozag
Kikubaaqudgha
Makhleb
Nemelex Xobeh
Okawaru
Pakellas
Qazlal
Sif Muna
Vehumet
Xom
Yredelemnul
Zin
The Shining One

Shops:
D:4 }


Innate Abilities, Weirdness & Mutations

You reflexively headbutt those who attack you in melee.
You have a pair of horns on your head.
You have supernaturally acute eyesight.
You can translocate small distances at will.


Message History

You hit the orc warrior but do no damage.
The orc warrior is almost dead.
You kill the orc warrior!
You puncture the hill giant!
The hill giant is poisoned.
You headbutt the hill giant.
The hill giant is lightly wounded.
The hill giant hits you with a giant club!!
You thump the hill giant!
The hill giant looks even sicker.
The hill giant is moderately wounded.
The hill giant hits you with a giant club.
The hill giant hits you with a giant club!
* * * LOW HITPOINT WARNING * * *
You sock the hill giant! Your headbutt misses the hill giant.
The hill giant is heavily wounded.
The hill giant barely misses you.
You puncture the hill giant! You headbutt the hill giant!
The hill giant is almost dead.
The hill giant hits you with a giant club!!
You die...
Your body disappears without a glow. ######.......... ................ ................ ......##'########## . ......#...# o.#.. ......'.8)# o8.. #######..[## #oo

##.#)###C# #.##..@#
#.##.>.# ....# #.##...##
####'#.
##.#'###'####.....
#...#####...#.##.#######
#.8.......8.#.##.#......
#...#####...'......#....
##'## ##.##........# ..#
#...........#


You could see a hill giant and 4 orcs.

Vanquished Creatures
  An unseen horror (D:10)
  Pikel (D:6)
  The ghost of magog001 the Skirmisher, a novice HOAK of Lugonu (D:5)
  Maurice (D:7)
  A troll (D:9)
  Sigmund (D:6)
  3 yaks (D:9)
  A human (D:7)
  The ghost of magog001 the Sneak, an amateur OpAs (D:4)
  2 water moccasins
  Duvessa (D:5)
  9 orc warriors
  A slave (D:6)
  3 ice beasts
  2 sky beasts
  2 necrophages
  2 black bears (D:9)
  A phantom (D:5)
  3 centaurs
  3 ogres
  7 giant frogs
  A wyvern zombie (D:10)
  A wyvern skeleton (D:7)
  Dowan (D:5)
  2 scorpions
  4 wights (D:8)
  4 howler monkeys
  4 crimson imps
  2 jellies
  14 orc wizards
  A centaur skeleton (D:10)
  4 orc priests
  6 hounds
  Natasha (thrice) (D:3)
  9 worker ants
  5 iguanas
  4 sheep (D:7)
  A hound zombie (D:6)
  A hound skeleton (D:5)
  2 howler monkey zombies
  2 gnolls (Bailey)
  9 adders
  A shadow imp (D:5)
  3 oozes
  An adder skeleton (D:9)
  2 worms (D:3)
  A dart slug (D:3)
  2 giant geckos
  54 orcs
  11 bats
  4 giant cockroaches
  12 goblins
  8 hobgoblins
  7 jackals
  5 quokkas
  5 giant newts
  23 kobolds
  A quokka skeleton (D:7)
  5 rats
272 creatures vanquished.

Vanquished Creatures (others)
  An adder (D:6)
  3 fungi (D:10)
4 creatures vanquished.

Grand Total: 276 creatures vanquished

Notes
Turn   | Place    | Note
--------------------------------------------------------------
     0 | D:1      | magog001 the Minotaur Hunter began the quest for the Orb.
     0 | D:1      | Reached XP level 1. HP: 18/18 MP: 0/0
   531 | D:1      | Reached XP level 2. HP: 25/25 MP: 1/1
   637 | D:1      | Reached skill level 5 in Slings
   750 | D:2      | Reached XP level 3. HP: 30/30 MP: 2/2
   896 | D:2      | Found an oddly glowing altar of Pakellas.
   909 | D:2      | Found a basalt altar of Yredelemnul.
   913 | D:2      | Found a stormy altar of Qazlal.
   919 | D:2      | Found a blossoming altar of Fedhas.
   919 | D:2      | Found an ancient bone altar of Kikubaaqudgha.
   921 | D:2      | Found an opulent altar of Gozag.
  1078 | D:2      | Reached skill level 1 in Armour
  1352 | D:3      | Noticed Natasha
  1403 | D:3      | Killed Natasha
  1403 | D:3      | Reached XP level 4. HP: 37/37 MP: 3/3
  1463 | D:2      | Reached skill level 6 in Slings
  1635 | D:3      | Noticed Natasha
  1642 | D:3      | Killed Natasha
  1642 | D:3      | Reached XP level 5. HP: 44/44 MP: 4/4
  1694 | D:3      | Noticed Natasha
  1700 | D:3      | Killed Natasha
  1754 | D:3      | Found a shimmering altar of Xom.
  1795 | D:3      | Noticed an angel
  1809 | D:3      | Found a glowing silver altar of Zin.
  2359 | D:4      | Reached skill level 7 in Slings
  2366 | D:4      | Reached XP level 6. HP: 42/50 MP: 5/5
  2490 | D:4      | Noticed magog001's ghost (amateur OpAs)
  2500 | D:4      | Killed magog001's ghost
  2500 | D:4      | Reached skill level 1 in Short Blades
  2569 | D:4      | Reached XP level 7. HP: 43/56 MP: 6/6
  2609 | D:4      | Reached skill level 8 in Slings
  3031 | D:4      | Found Xiphuv's Gadget Emporium.
  3065 | D:4      | Bought a wand of disintegration (10/24) for 154 gold pieces
  3350 | D:5      | Entered Level 5 of the Dungeon
  3366 | D:5      | Noticed Dowan
  3371 | D:5      | Killed Dowan
  3372 | D:5      | Noticed Duvessa
  3393 | D:5      | Killed Duvessa
  3393 | D:5      | Reached skill level 1 in Stealth
  3556 | D:5      | Reached skill level 5 in Armour
  3556 | D:5      | Reached XP level 8. HP: 17/63 MP: 7/7
  3569 | D:5      | Noticed magog001's ghost (novice HOAK)
  3571 | D:5      | Reached skill level 9 in Slings
  3799 | D:5      | Killed magog001's ghost
  3799 | D:5      | Reached skill level 10 in Slings
  4365 | D:5      | Reached XP level 9. HP: 25/71 MP: 8/8
  4481 | D:6      | Noticed Sigmund
  4485 | D:6      | Killed Sigmund
  4561 | D:6      | Noticed Pikel
  4590 | D:6      | Killed Pikel
  4681 | D:6      | Found an iron altar of Okawaru.
  4696 | D:6      | Gained mutation: You have supernaturally acute eyesight. [potion of mutation]
  4696 | D:6      | Gained mutation: You can translocate small distances at will. [potion of mutation]
  5061 | D:6      | Reached skill level 5 in Fighting
  5094 | D:6      | Found a staircase to the Ecumenical Temple.
  5541 | D:7      | Found a snail-covered altar of Cheibriados.
  5758 | D:7      | Reached skill level 1 in Evocations
  5807 | D:7      | Reached skill level 11 in Slings
  6204 | D:8      | Noticed Maurice
  6234 | D:7      | Killed Maurice
  6234 | D:7      | Reached skill level 5 in Short Blades
  6234 | D:7      | Reached XP level 10. HP: 76/80 MP: 9/9
  6343 | D:8      | Reached skill level 10 in Armour
  6386 | D:8      | Found a radiant altar of Vehumet.
  6410 | D:8      | Found a flagged portal.
  6492 | Bailey   | Entered a bailey
  7228 | D:8      | Reached skill level 12 in Slings
  7353 | D:8      | Found a shadowy altar of Dithmenos.
  8383 | D:9      | Found a burning altar of Makhleb.
  8390 | D:9      | Found a sparkling altar of Nemelex Xobeh.
  8394 | D:9      | Became a worshipper of Nemelex Xobeh the Trickster
  8401 | D:9      | Found a glowing golden altar of the Shining One.
  8411 | D:9      | Found a deep blue altar of Sif Muna.
  8425 | D:9      | Received a gift from Nemelex Xobeh
  8771 | D:10     | Entered Level 10 of the Dungeon
  8804 | D:10     | Noticed an unseen horror
  8826 | D:10     | Killed an unseen horror
  8826 | D:10     | Reached skill level 13 in Slings
  8952 | D:10     | Reached XP level 11. HP: 83/89 MP: 10/10
  8990 | D:10     | Found a staircase to the Orcish Mines.
  9086 | D:10     | Noticed a hill giant
  9096 | D:10     | Slain by a hill giant

Skill      XL: |  1  2  3  4  5  6  7  8  9 10 11 |
---------------+----------------------------------+-----
Slings         | 5 6 7 8 10 11 13 | 13.0
Armour         | 1 2 3 5 7 9 10 11 | 11.1
Short Blades   | 1 2 3 5 6 |  6.0
Dodging        | 3 |  3.3
Fighting       | 3 4 5 6 |  6.3
Stealth        | 1 |  1.7
Evocations     | 1 |  1.2
Maces & Flails | |  0.8
Throwing       | |  0.6

Action                   |  1- 3 |  4- 6 |  7- 9 | 10-12 || total
-------------------------+-------+-------+-------+-------++-------
Melee: Short sword       |     8 |    38 |       |       ||    46
       Headbutt          |     2 |    25 |    89 |    81 ||   197
       Dagger            |       |    63 |   386 |   323 ||   772
       Morningstar       |       |       |       |    65 ||    65
 Fire: Hunting sling     |    76 |    93 |    82 |   220 ||   471
Throw: Tomahawk          |       |       |       |    20 ||    20
       Javelin           |       |       |       |     6 ||     6
       Stone             |       |       |       |     2 ||     2
 Abil: Blink             |       |       |    18 |    13 ||    31
Evoke: Wand              |       |       |     6 |     7 ||    13
  Use: Scroll            |       |       |    12 |     8 ||    20
       Potion            |       |       |     8 |     1 ||     9
  Eat: Beef jerky        |     1 |       |     1 |     2 ||     4
       Chunk             |       |     3 |     3 |    27 ||    33
       Pizza             |       |       |     1 |     1 ||     2
       Meat ration       |       |       |     1 |       ||     1
       Bread ration      |       |       |     1 |       ||     1
Armor: Leather armour    |    10 |     4 |       |       ||    14
       Scale mail        |       |    43 |     7 |       ||    50
       Plate armour      |       |       |   213 |   322 ||   535
Dodge: Dodged            |    22 |    77 |   112 |   187 ||   398
